[Event "Menorca Open-A 2022"]
[Site "Menorca"]
[Date "2022.04.24"]
[Round "7.1"]
[White "Sethuraman, S.P."]
[Black "Sargsyan, Shant"]
[Result "1/2-1/2"]
[ECO "C84"]
[WhiteElo "2610"]
[BlackElo "2639"]
[Annotator "TA"]
[PlyCount "39"]
[EventDate "2022.04.20"]
[EventType "swiss"]
[EventCountry "ESP"]
[SourceTitle "playchess.com"]
[Source "ChessBase"]
[SourceQuality "1"]
[TimeControl "5400+30"]

1. e4 e5 2. Nf3 Nc6 3. Bb5 a6 4. Ba4 Nf6 5. O-O Be7 6. d3 b5 7. Bb3 d6 {[%emt 0:00:30] The position is equal.} 8. a3 {[%emt 0:00:30] C84: Closed Ruy Lopez: Unusual White 6th moves.} Na5 9. Ba2 c5 10. Nc3 Be6 11. Bg5 O-O 12. Bxf6 Bxf6 13. Nd5 Rc8 {[%emt 0:00:30] [#] Not much happened in this game.  Weighted Error Value: White=0.03 (flawless) /Black=0.00 (flawless)} {Predecessor:} 14. a4 $146 b4 15. Bc4 Nxc4 16. dxc4 Bg5 17. Nxg5 Qxg5 18. Ne3 Rcd8 19. Qf3 g6 20. Rfd1 {1-0 (38) Kulaots,K (2567)-Nyback,T (2586) Puhajarve 2013} 1/2-1/2

[Event "Menorca Open-A 2022"]
[Site "Menorca"]
[Date "2022.04.24"]
[Round "7.2"]
[White "Gukesh D"]
[Black "Adhiban, B.."]
[Result "1-0"]
[ECO "E94"]
[WhiteElo "2637"]
[BlackElo "2633"]
[Annotator "TA"]
[PlyCount "105"]
[EventDate "2022.04.20"]
[EventType "swiss"]
[EventCountry "ESP"]
[SourceTitle "playchess.com"]
[Source "ChessBase"]
[SourceQuality "1"]
[TimeControl "5400+30"]

1. d4 Nf6 2. c4 g6 3. Nc3 Bg7 4. e4 d6 5. Nf3 O-O 6. Be2 e5 7. O-O h6 {[%emt 0:00:33] E94: King's Indian: Classical: 6 Be2 e5 7 0-0: Various Black 7th moves.} 8. Re1 {[%emt 0:05:28] [#]} Qe7 $146 ({Predecessor:} 8... Nbd7 9. Bf1 Re8 10. Rb1 a5 11. b3 b6 12. d5 Nh7 13. g3 Nc5 14. a3 a4 15. b4 Nb3 16. Be3 Bd7 17. Nd2 f5 18. Nxb3 axb3 19. Rxb3 {1-0 (44) Navara,D (2697)-Caruana,F (2792) Baku 2021}) 9. Bf1 exd4 {[%emt 0:00:07] White is slightly better.} 10. Nxd4 Nc6 11. f3 Nxd4 12. Qxd4 Nd7 13. Qf2 Ne5 (13... Bxc3 $11 14. bxc3 g5) 14. Be3 (14. Nd5 $5 Qd8 15. Be3 $11) 14... Be6 15. Nd5 Qd8 16. b3 g5 17. Rad1 ({Avoid the trap} 17. Bxa7 $2 Bxd5 18. exd5 (18. cxd5 $2 b6 $19) 18... b6 19. Bxb6 (19. f4 $2 Ng4 $19) 19... cxb6 $19) 17... c6 18. Nb4 Qa5 19. Nc2 Rad8 20. Nd4 Bc8 21. Rd2 Rfe8 22. Red1 Ng6 23. Ne2 Be5 24. g3 Bg7 25. Bxa7 {[%emt 0:14:11][%cal Be3a7,Ba7b8,Bb8d6][%mdl 32] Threatens to win with Bb6.} c5 26. Bb8 Ne5 27. Bxd6 {[%emt 0:03:14] And now f4 would win.} Bf8 $2 {[%emt 0:00:19] [#] A mistake that costs the game.} (27... g4 $16 28. Bg2 gxf3 29. Bxf3 Nxf3+ 30. Qxf3 b5) 28. Bxe5 $1 Rxd2 29. Bc3 Qxc3 30. Nxc3 Rxf2 31. Kxf2 Bg7 32. Nb5 Be6 33. Be2 Kf8 34. Nc7 Rb8 35. Nxe6+ fxe6 $18 {[%emt 0:00:01][%mdl 4096] Endgame KRB-KRB} 36. Rd7 e5 {[%emt 0:01:57] Prevents f4.} (36... Be5 $16 37. Ke3 Bd4+ 38. Kd2 Bg1) 37. Bf1 Bf6 38. Ke2 b6 39. Rc7 Be7 40. Rc6 Kg7 41. Bh3 Rb7 42. Bc8 Rb8 43. Ke3 b5 44. cxb5 Rxb5 45. Ba6 Rb8 46. Bc4 {[%emt 0:00:05] White is clearly winning.} Bd8 47. Re6 Bf6 48. a4 Ra8 49. Bd5 Ra7 50. Kd3 h5 51. Kc4 h4 (51... Ra5 $142 52. Re8 Kh6) 52. Kxc5 Rc7+ 53. Rc6 {[%emt 0:00:17] Weighted Error Value: White=0.09 (flawless) /Black=0.26 (precise)} 1-0

[Event "Menorca Open-A 2022"]
[Site "Menorca"]
[Date "2022.04.24"]
[Round "7.3"]
[White "Martirosyan, Haik M."]
[Black "Aryan Chopra"]
[Result "1/2-1/2"]
[ECO "D75"]
[WhiteElo "2633"]
[BlackElo "2592"]
[Annotator "TA"]
[PlyCount "83"]
[EventDate "2022.04.20"]
[EventType "swiss"]
[EventCountry "ESP"]
[SourceTitle "playchess.com"]
[Source "ChessBase"]
[SourceQuality "1"]
[TimeControl "5400+30"]

1. d4 Nf6 2. c4 g6 3. Nf3 Bg7 4. g3 O-O 5. Bg2 c5 6. Nc3 d5 7. cxd5 Nxd5 8. O-O cxd4 9. Nxd4 Nxc3 10. bxc3 Nc6 11. Be3 Na5 12. Qd3 {[%emt 0:02:31] D75: Fianchetto Grünfeld: Main Line with 7...c5.} a6 13. Rac1 Qc7 14. c4 Rd8 {[%emt 0:03:53] [#] ...e5 is the strong threat.} 15. Qe4 $146 ({Predecessor:} 15. Rfd1 Bd7 16. Qa3 Be8 17. c5 e5 18. Bd2 Nc4 19. Rxc4 Rxd4 20. Rxd4 exd4 21. Bf4 {½-½ (39) Bai,J (2594)-Zhao,J (2611) Hangzhou 2018}) 15... h6 ({Resist} 15... Nxc4 16. Nb3 Be6 17. Bf4 $16) 16. c5 e5 17. Nb3 Nc6 18. Qh4 g5 19. Qh5 Qd7 ({Black should play} 19... Bf5 $1 $15) 20. h4 $14 Qg4 21. Qxg4 Bxg4 22. hxg5 hxg5 23. Bxg5 f6 24. Be3 Bxe2 25. Rfe1 Bd3 26. Nd2 Bf8 27. Rc3 Rac8 28. Ne4 (28. Rb3 $5 ) 28... Bxe4 (28... Kg7 {with more complications.} 29. Nd6 Bxd6 30. cxd6 Rxd6 31. Bc5 Rd7) 29. Bxe4 Nd4 {[%emt 0:00:07] Against Rb3} 30. Bxb7 {[%emt 0:01:52] A strong pair of Bishops.} Rxc5 31. Rxc5 Bxc5 32. Kf1 a5 33. Rc1 Bb6 34. Be4 Kf7 35. Rb1 Rd6 36. a4 (36. Kg2 $5 ) 36... Ke7 {[%emt 0:02:24] The position is equal.} 37. Kg2 Bc5 38. Rc1 Bb6 39. Rb1 Bc5 40. Rb7+ Rd7 41. Rxd7+ Kxd7 42. Bxd4 {[%emt 0:04:35] Weighted Error Value: White=0.06 (flawless) /Black=0.08 (flawless)} 1/2-1/2

[Event "Menorca Open-A 2022"]
[Site "Menorca"]
[Date "2022.04.24"]
[Round "7.4"]
[White "Erigaisi Arjun"]
[Black "Sadhwani, Raunak"]
[Result "1/2-1/2"]
[ECO "E20"]
[WhiteElo "2675"]
[BlackElo "2628"]
[Annotator "TA"]
[PlyCount "46"]
[EventDate "2022.04.20"]
[EventType "swiss"]
[EventCountry "ESP"]
[SourceTitle "playchess.com"]
[Source "ChessBase"]
[SourceQuality "1"]
[TimeControl "5400+30"]

1. d4 Nf6 2. c4 e6 3. Nc3 Bb4 4. f3 c5 5. d5 O-O 6. e4 b5 {[%emt 0:00:02] E20: Nimzo-Indian: 4 g3 and 4 f3.} 7. e5 ({Don't play} 7. cxb5 exd5 8. exd5 Re8+ 9. Nge2 a6 $15) 7... Ne8 ({Much less strong is} 7... exd5 8. exf6 d4 9. a3 $16) 8. f4 exd5 {[%emt 0:00:23] The position is equal.} 9. cxd5 d6 10. Nf3 c4 11. a4 Nd7 12. axb5 dxe5 {[%emt 0:00:40] Black wants to play ...Nd6.} 13. Bxc4 Nd6 {[%emt 0:00:19] [#] Not much happened in this game.  Weighted Error Value: White=0.05 (flawless) /Black=0.05 (flawless)} (13... Qc7 $5 14. Be2 e4 $11) {Predecessor:} 14. Be2 $146 Qb6 15. Bd2 Bxc3 16. Bxc3 Ne4 17. Rf1 Nxc3 18. bxc3 Qc5 19. c4 Re8 20. Rf2 e4 21. Nd4 e3 22. Rf3 Nb6 23. Nc6 Re4 {½-½ (23) Piesik,P (2403)-Kozak,A (2503) Slovakia 2020} 1/2-1/2

[Event "Menorca Open-A 2022"]
[Site "Menorca"]
[Date "2022.04.24"]
[Round "7.5"]
[White "Alonso Rosell, Alvar"]
[Black "Santos Latasa, Jaime"]
[Result "0-1"]
[ECO "D35"]
[WhiteElo "2564"]
[BlackElo "2656"]
[Annotator "TA"]
[PlyCount "106"]
[EventDate "2022.04.20"]
[EventType "swiss"]
[EventCountry "ESP"]
[SourceTitle "playchess.com"]
[Source "ChessBase"]
[SourceQuality "1"]
[TimeControl "5400+30"]

1. d4 d5 2. c4 e6 3. Nc3 Nf6 4. cxd5 exd5 5. Bg5 Bb4 6. e3 h6 7. Bh4 g5 {[%emt 0:00:04] D35: Queen's Gambit Declined: Exchange Variation.} 8. Bg3 h5 $5 {[%emt 0:00:06][%mdl 4] Leaves trodden paths.} 9. h4 {[%emt 0:04:05] And now Qb3 would win.} Ne4 {[%emt 0:00:30] White is slightly better.} 10. Nge2 Nxg3 11. Nxg3 gxh4 12. Nxh5 c6 $1 13. a3 Bd6 {[%emt 0:00:52] [#]} 14. f4 $146 {[%emt 0:38:59] Inhibits Qg5.} ({Predecessor:} 14. g4 hxg3 15. Qf3 Be6 16. e4 gxf2+ 17. Kxf2 Nd7 18. exd5 Qb6 19. dxe6 fxe6 20. Nf6+ {½-½ (38) Rada,H (2416)-Costachi,M (2239) ICCF email 2017}) 14... Nd7 15. Ng7+ {[%emt 0:26:30] Pair of Knights!} (15. g4 $14) 15... Kf8 $11 16. Nf5 Nb6 17. Nxd6 Qxd6 18. Qf3 Qg6 {[%emt 0:02:56] Against g4} 19. Qf2 Qf6 20. Bd3 Bg4 21. Kd2 (21. f5 $5 ) 21... Bf5 {[%emt 0:04:04] Threatens to win with ...Bxd3.} 22. b3 Bxd3 23. Kxd3 Ke7 24. g4 {[%emt 0:07:55] [#]} (24. Rh3 $17 {is a better defense.}) 24... Rag8 $1 $19 25. f5 (25. Qe2 $142) 25... Rxg4 26. Raf1 Nc8 27. Qf3 Qg5 28. Nxd5+ cxd5 29. Qxd5 Rd8 30. f6+ Ke8 31. Qxb7 (31. Qxg5 Rxg5 32. Rxh4) 31... Qg6+ 32. Kc3 Qe4 33. Qxe4+ Rxe4 34. Kd3 Nd6 35. Rfg1 Kd7 {[%emt 0:00:21] White must now prevent ...Rde8.} 36. Rg5 Re6 ({Black should play} 36... Rde8 $19 37. Rh3 Ke6) 37. Rxh4 Rde8 (37... Rxf6 38. Ra5 $15) 38. Rh3 {[%emt 0:00:35] [#]} Ne4 $1 (38... Rxf6 39. Ra5 $15) 39. Rf5 (39. Rd5+ $17 {was the only defense.} Kc6 40. Rf5) 39... Rc6 ({Not} 39... Nxf6 40. Rhf3 Ke7 41. e4 $15) (39... Rxf6 40. Rhh5 $15) 40. Rd5+ Kc7 {[%emt 0:01:26] Hoping for ...Nf2+.} 41. Rh7 Rc3+ (41... Rxf6 42. Ra5 a6 43. Rhh5 $17) ({Worse is} 41... Nxf6 42. Rxf7+ Kb6 43. Re5 Rxe5 44. dxe5 $11) 42. Ke2 {[%emt 0:00:02] [#]} Rxe3+ $3 43. Kxe3 Nxf6+ 44. Kd3 Nxh7 {[%emt 0:00:11][%mdl 4096] Endgame KRN-KR} 45. Ra5 Kb6 46. Rh5 Nf8 47. Rf5 Re7 48. Rf6+ Kb7 49. a4 Ne6 50. d5 Nc5+ 51. Kc4 Nd7 52. Rf5 f6 53. a5 (53. Kd4 {was necessary.}) 53... Re4+ {[%emt 0:42:41] Weighted Error Value: White=0.30/Black=0.08 (flawless)} 0-1

[Event "Menorca Open-A 2022"]
[Site "Menorca"]
[Date "2022.04.24"]
[Round "7.6"]
[White "Nihal Sarin"]
[Black "Batsiashvili, Nino"]
[Result "1-0"]
[ECO "D02"]
[WhiteElo "2648"]
[BlackElo "2463"]
[Annotator "TA"]
[PlyCount "103"]
[EventDate "2022.04.20"]
[EventType "swiss"]
[EventCountry "ESP"]
[SourceTitle "playchess.com"]
[Source "ChessBase"]
[SourceQuality "1"]
[TimeControl "5400+30"]

1. d4 Nf6 2. Nf3 d5 3. c3 e6 4. Bf4 Bd6 5. e3 Bxf4 6. exf4 {[%emt 0:00:01] D02: 1 d4 d5 2 Nf3 sidelines, including 2...Nf6 3 g3 and 2...Nf6 3 Bf4.} b6 7. Nbd2 O-O 8. h4 {[%emt 0:01:23][%cal Bh2h4,Bh4h5,Bh5h6][%mdl 32] The position is equal.} c5 9. h5 Qd6 10. h6 {[%emt 0:05:21] Hoping for hxg7.} g6 11. g3 {[%emt 0:00:07] [#]} cxd4 $146 ({Predecessor:} 11... Nc6 12. a3 a5 13. Qa4 Bd7 14. Qd1 Rab8 15. Bd3 b5 16. Ne5 cxd4 17. Nxc6 Bxc6 18. cxd4 {0-1 (67) Yurtseven,M (2400)-Yilmazyerli,M (2413) Antalya 2021}) 12. Nxd4 e5 13. fxe5 Qxe5+ 14. Be2 Ba6 15. Kf1 Bxe2+ (15... Re8 {with more complications.} 16. N2f3 Qe7 17. Bb5 Bxb5+ 18. Nxb5 a6) 16. Qxe2 Qxe2+ 17. Nxe2 Nc6 18. Nf3 Rfe8 19. Rd1 Ne5 20. Nxe5 Rxe5 21. f3 Rae8 22. Nd4 Nh5 23. Kf2 Kf8 24. Rd2 a5 25. Rhd1 f5 26. Re2 Nf6 27. Rxe5 Rxe5 $14 {[%emt 0:00:01][%mdl 4096] Endgame KRN-KRN} 28. a4 Re8 29. Ne2 Rb8 (29... Rd8 $14) 30. Nf4 $16 b5 {[%emt 0:01:31] [#]} 31. Ne6+ ({Much worse is} 31. Nxd5 Rd8 32. Ne3 (32. Nxf6 $2 Rxd1 33. Nxh7+ Kg8 $19) 32... Rxd1 33. Nxd1 bxa4 $11) (31. b3 $1 $16) 31... Ke7 $2 {[%emt 0:02:11] A mistake that costs the game.} (31... Kf7 $1 $14 32. Ng5+ Ke7) 32. Nd4 $18 {[%emt 0:00:06] Threatens to win with Nc6+.} Kd6 {[%emt 0:02:05] Against Nc6} 33. axb5 Ng8 34. Re1 Nxh6 35. Rh1 Nf7 36. Rxh7 Ne5 37. Ke2 Nc4 38. Ra7 {[%emt 0:09:20] Strongly threatening b3.} Re8+ {[%emt 0:04:07] [#]} 39. Kf1 $1 Nxb2 40. Rxa5 Nd1 41. Ra6+ Kd7 42. Rxg6 Nxc3 43. b6 Ra8 $2 (43... Na4 44. Nxf5 Rb8 45. Rd6+ Ke8) 44. Nxf5 Nb5 45. g4 Rb8 46. Ke2 {[%emt 0:00:17] aiming for Kd3.} Ra8 (46... Nc3+ $142 47. Ke3 Na4) 47. Kf2 Rb8 48. Ke3 Re8+ 49. Kd3 Rb8 50. Nd4 Na3 51. Nc6 Rb7 52. Ne5+ {[%emt 0:00:06] Weighted Error Value: White=0.18 (very precise) /Black=0.33} 1-0

[Event "Menorca Open-A 2022"]
[Site "Menorca"]
[Date "2022.04.24"]
[Round "7.7"]
[White "Santos Ruiz, Miguel"]
[Black "Iermito, Sebastian"]
[Result "1/2-1/2"]
[ECO "B41"]
[WhiteElo "2597"]
[BlackElo "2525"]
[Annotator "TA"]
[PlyCount "29"]
[EventDate "2022.04.20"]
[EventType "swiss"]
[EventCountry "ESP"]
[SourceTitle "playchess.com"]
[Source "ChessBase"]
[SourceQuality "1"]
[TimeControl "5400+30"]

1. e4 c5 2. Nf3 e6 3. d4 cxd4 4. Nxd4 a6 5. c4 Nf6 6. Nc3 Bb4 7. Qd3 {[%emt 0:00:26] B41: Sicilian: Kan Variation: 5 c4.} O-O 8. e5 {[%emt 0:02:01] 8.e5 scores better than 8.Be2.} Ne8 ({Weaker is} 8... Ng4 9. Qg3 Qa5 10. Bf4 $16) 9. a3 {[%emt 0:00:51] White is slightly better.} Bxc3+ 10. Qxc3 d6 11. exd6 Nxd6 12. Be2 e5 {[%emt 0:00:29] [#] The position is equal.} 13. Nf3 $146 ({Predecessor:} 13. Nc2 Nc6 14. Be3 Nf5 15. Rd1 Qe7 16. O-O Nxe3 17. Qxe3 Bf5 18. Bd3 Qe6 19. Bxf5 Qxf5 {½-½ (40) Bernotas,A (2408)-Quparadze,G (2495) Batumi 2018}) 13... Nc6 14. O-O Bg4 15. Re1 {[%emt 0:07:42] Weighted Error Value: White=0.08 (flawless) /Black=0.04 (flawless)} 1/2-1/2

[Event "Menorca Open-A 2022"]
[Site "Menorca"]
[Date "2022.04.24"]
[Round "7.8"]
[White "Vasquez Schroeder, Rodrigo"]
[Black "Heimann, Andreas"]
[Result "1/2-1/2"]
[ECO "C54"]
[WhiteElo "2500"]
[BlackElo "2583"]
[Annotator "TA"]
[PlyCount "41"]
[EventDate "2022.04.20"]
[EventType "swiss"]
[EventCountry "ESP"]
[SourceTitle "playchess.com"]
[Source "ChessBase"]
[SourceQuality "1"]
[TimeControl "5400+30"]

1. e4 e5 2. Nf3 Nc6 3. Bc4 Bc5 4. c3 Nf6 5. d3 d6 6. Bb3 a5 {[%emt 0:01:38] C54: Giuoco Piano: 4 c3 Nf6, main lines with 5 d4 and 5 d3.} 7. a4 O-O 8. O-O h6 {[%emt 0:00:39] The position is equal.} 9. Nbd2 Ba7 10. Nc4 Be6 11. Re1 Re8 12. Be3 Bxe3 13. Nxe3 d5 {[%emt 0:06:30] [#]} 14. Qc2 $146 ({Predecessor:} 14. exd5 Nxd5 15. Nc4 Nf4 16. Ncxe5 Nxe5 17. Rxe5 Nxd3 18. Re3 Bxb3 19. Rxe8+ Qxe8 20. Qxb3 {½-½ (31) Boukhris,Y (2185)-Riff,J (2499) Chalons en Champagne 2021}) 14... Qd7 15. Rad1 d4 16. Bxe6 Rxe6 17. Nc4 b6 18. g3 Rd8 19. Kg2 Re7 20. h3 Qe6 21. Nfd2 {[%emt 0:01:59] Weighted Error Value: White=0.05 (flawless) /Black=0.02 (flawless)} 1/2-1/2

[Event "Menorca Open-A 2022"]
[Site "Menorca"]
[Date "2022.04.24"]
[Round "7.9"]
[White "Minzer, Claudio Javier"]
[Black "Cuenca Jimenez, Jose Fernando"]
[Result "1/2-1/2"]
[ECO "A15"]
[WhiteElo "2427"]
[BlackElo "2558"]
[Annotator "TA"]
[PlyCount "53"]
[EventDate "2022.04.20"]
[EventType "swiss"]
[EventCountry "ESP"]
[SourceTitle "playchess.com"]
[Source "ChessBase"]
[SourceQuality "1"]
[TimeControl "5400+30"]

1. Nf3 Nf6 2. c4 g6 3. b4 Bg7 4. Bb2 O-O 5. g3 d6 6. Bg2 e5 7. d3 a5 8. b5 Nbd7 9. O-O Nc5 10. Nc3 {[%emt 0:02:59] A15: English Opening: 1...Nf6.} Nfd7 {[%emt 0:04:20][%cal Oe5e4] [#]} 11. Rc1 $146 ({Predecessor:} 11. Ne1 f5 12. f4 Nf6 13. Rb1 Ng4 14. Nc2 exf4 15. gxf4 Qh4 16. h3 Nf6 17. Qe1 Qxe1 18. Rbxe1 {½-½ (46) Akshayraj,K (2416)-Kalegin,E (2481) Alushta 2007}) 11... f5 12. d4 {[%emt 0:08:14] White is slightly better.} exd4 13. Nxd4 Ne5 14. Nb3 Ne6 15. Na4 Qe8 (15... f4 $142) 16. Nd4 Nxd4 17. Bxd4 f4 {[%emt 0:02:28] [#]} 18. c5 $1 Qxb5 $2 (18... d5 $16) 19. cxd6 $18 Bg4 (19... cxd6 {was called for.} 20. Nb6 Rb8 21. gxf4 (21. Nxc8 Rbxc8 22. Rb1 Qd7 $16) (21. Rxc8 Rfxc8 22. Nxc8 Rxc8 $16) 21... Nc6 22. Bd5+ Kh8) 20. Bxe5 Qxe5 21. Qd5+ (21. Bxb7 Rab8 22. Qd5+ (22. Rxc7 fxg3 23. hxg3 Rbd8 $14) (22. Bd5+ Kh8 $11) 22... Be6 23. Qxe5 Bxe5 $16) (21. Rxc7 Rad8 $14) (21. dxc7 $18 {and the rest is easy. Nb6 is the strong threat.} fxg3 22. Qb3+ (22. hxg3 Rac8 $18) (22. fxg3 Rxf1+ 23. Kxf1 Rf8+ 24. Bf3 Bh6 $16) 22... Kh8 23. Qxg3 (23. hxg3 Rac8 $18)) 21... Be6 $16 22. Qxe5 {[%emt 0:00:53] &Bianco is more active.} ({Not} 22. Qxb7 cxd6 23. Nb6 Rab8 $15) 22... Bxe5 {[%emt 0:00:01] A strong pair of Bishops.} 23. dxc7 {[%emt 0:03:19] [#] Hoping for Nb6.} Rac8 24. Nc5 ({But not} 24. Bxb7 $6 Rxc7 25. Rxc7 Bxc7 $11) 24... Bf5 25. Bxb7 (25. g4 $142 Bxg4 26. Bd5+ Kg7 27. Be6 Bxe2 28. Rfe1) 25... Rxc7 26. Bd5+ Kh8 27. Ne6 {[%emt 0:00:30] Weighted Error Value: White=0.18 (very precise) /Black=0.29 (precise)} 1/2-1/2

[Event "Menorca Open-A 2022"]
[Site "Menorca"]
[Date "2022.04.24"]
[Round "7.10"]
[White "Sosa, Tomas"]
[Black "Baskin, Robert"]
[Result "1/2-1/2"]
[ECO "A29"]
[WhiteElo "2554"]
[BlackElo "2393"]
[Annotator "TA"]
[PlyCount "54"]
[EventDate "2022.04.20"]
[EventType "swiss"]
[EventCountry "ESP"]
[SourceTitle "playchess.com"]
[Source "ChessBase"]
[SourceQuality "1"]
[TimeControl "5400+30"]

1. g3 e5 2. c4 Nf6 3. Bg2 d5 4. cxd5 Nxd5 5. Nc3 Nb6 6. Nf3 Nc6 7. O-O Be7 8. a4 a5 9. d3 Be6 10. Be3 Nd5 11. Nxd5 Bxd5 12. Rc1 O-O 13. Bc5 {[%emt 0:03:52] A29: English Opening: Four Knights Variation with 4 g3.} Bd6 {[%emt 0:02:51] [#]} 14. e4 $146 ({Predecessor:} 14. Nd2 Bxg2 15. Kxg2 Kh8 16. Kg1 f5 17. Bxd6 Qxd6 18. Nc4 Qd5 19. Rc3 Rad8 20. Qc1 Nd4 {½-½ (40) Bauer,W (1785)-Czap,B (2028) Bayern 2018}) 14... Be6 15. Be3 {[%emt 0:00:05] The position is equal.} Bg4 16. Qb3 Bb4 17. Qd5 Re8 18. Ng5 Qe7 19. f3 Rad8 20. fxg4 Rxd5 $17 21. exd5 {[%emt 0:00:05] [#]} Nd4 (21... Nd8 $142 $1 22. Ne4 Qd7) 22. d6 $2 (22. Rxf7 $17 {was worth a try.} Ne2+ 23. Kf2 Qxf7+ 24. Nxf7 Nxc1 25. Nxe5) 22... Qxd6 $19 {[%emt 0:04:21] Hoping for ...Ne2+.} 23. Nxf7 Qd7 {[%emt 0:06:02][%csl LRa4,LRg4] And now ...Ne2+ would win.} 24. Kh1 c6 {[%emt 0:00:34] Threatens to win with ...Nb3.} ({Inferior is} 24... Qxa4 25. Bxd4 exd4 26. Bd5 $11) 25. Be4 Qxg4 {[%emt 0:01:52] [#] aiming for ...Ne2.} 26. Rf2 Nb3 ({Black should play} 26... h6 $19 {...Qe6 is the strong threat.} 27. Rcf1 (27. Nxe5 Rxe5 28. Rf4 Qe2 $19) 27... Qh3) 27. Rcf1 $2 (27. Bf5 $1 $15 Qh5 28. Rcf1) 27... Bc5 {[%emt 0:04:59][%mdl 32768] Weighted Error Value: White=0.55/Black=0.22 (precise) . An unexpected result.} 1/2-1/2